 Dungeon Crawl Stone Soup version 0.28.0-43-g3370ac3207 (webtiles) character file.

Game seed: 9296611759964341344

1596 pkoi the Grappler (level 8, 0/78 HPs)
             Began as a Troll Gladiator on Mar 24, 2022.
             Slain by a hornet (15 damage)
             ... on level 5 of the Dungeon.
             The game lasted 00:05:04 (4203 turns).

pkoi the Grappler (Troll Gladiator)                 Turns: 4203, Time: 00:05:05

Health: 0/78       AC:  6    Str: 31    XL:     8   Next: 62%
Magic:  7/7        EV: 11    Int:  6    God:
Gold:   132        SH:  0    Dex: 11    Spells: 7/7 levels left

rFire   . . .      SeeInvis .     - Unarmed
rCold   . . .      Faith    .   (no shield)
rNeg    . . .      Spirit   .   l - +1 robe of Beauty {Will+ Str+6 Int+2 Stlth-}
rPois   .          Reflect  .   b - +1 hat
rElec   .          Harm     .   u - scarf {repulsion}
rCorr   .          Rampage  .   (gloves unavailable)
Will    +....                   (boots unavailable)
Stlth   ..........              (no amulet)
HPRegen 1.03/turn               s - ring of wizardry
MPRegen 0.10/turn               (no ring)

@: lethally poisoned (0 -> -2), slowed, repel missiles, very slow
A: large, unfitting armour, claws 3, regeneration 1, shaggy fur 1, tough skin 1
a: no special abilities


You were on level 5 of the Dungeon.
You visited 2 branches of the dungeon, and saw 7 of its levels.

You collected 276 gold pieces.
You spent 144 gold pieces at shops.

Inventory:

Hand Weapons
 v - a +2 vorpal flail
Missiles
 c - 3 throwing nets (quivered)
Armour
 a - a +0 robe
 b - a +1 hat (worn)
 l - the +1 robe of Beauty (worn) {Will+ Str+6 Int+2 Stlth-}
   (You found it on level 3 of the Dungeon)

   Str:       It affects your strength (+6).
   Int:       It affects your intelligence (+2).
   Will:      It increases your willpower.
   Stlth:     It makes you less stealthy.
 u - a scarf of repulsion (worn)
Jewellery
 s - a ring of wizardry (left claw)
Wands
 m - a wand of iceblast (12)
Scrolls
 d - 3 scrolls of identify
 f - 3 scrolls of teleportation
 h - 3 scrolls of magic mapping
 o - a scroll of summoning
Potions
 e - a potion of lignification {unknown}
 g - a potion of attraction {unknown}
 i - 2 potions of heal wounds {unknown}
 j - a potion of mutation
 k - a potion of flight {unknown}
 n - a potion of magic {unknown}


   Skills:
 + Level 3.9 Fighting
 - Level 1.7 Throwing
 + Level 3.3 Armour
 + Level 4.3 Dodging
 * Level 8.4 Unarmed Combat


You had 7 spell levels left.
You didn't know any spells.
Your spell library contained the following spells:

 Spells                   Type           Power      Damage    Failure   Level
 Animate Skeleton         Necr           0%         N/A       21%         1
 Pain                     Necr           0%         1d4       21%         1
 Gell's Gravitas          Tloc           0%         N/A       50%         3
 Lesser Beckoning         Tloc           0%         N/A       50%         3
 Teleport Other           Tloc           0%         N/A       50%         3
 Vampiric Draining        Necr           0%         2d6       50%         3


Dungeon Overview and Level Annotations

Branches:
Dungeon (6/15)             Temple (1/1) D:6

Altars:
Ashenzari
Cheibriados
Dithmenos
Elyvilon
Fedhas
Gozag
Hepliaklqana
Kikubaaqudgha
Makhleb
Nemelex Xobeh
Okawaru
Ru
Sif Muna
Trog
Uskayaw
Wu Jian
Xom
Yredelemnul
Zin
The Shining One

Shops:
D:5 [

Annotations:
D:4 1 runed translucent door, tizbic2's ghost, amateur OpFi
D:6 Sigmund


Innate Abilities, Weirdness & Mutations

You are too large for most types of armour.
You have claws for hands.
Your natural rate of healing is unusually fast.
You are covered in fur. (AC +1)
You have tough skin. (AC +1)


Message History

There is a stone staircase leading up here.
The hornet barely misses you. Sigmund closely misses you.
The hornet barely misses you.
You climb upwards.
There is a stone staircase leading down here.
Unknown command.
Okay, then.
Okay, then.
Unknown command.
You barely miss the hornet. The hornet barely misses you.
You claw the hornet! Your claw misses the hornet.
The hornet is moderately wounded.
The hornet stings you!
You feel yourself slow down. The hornet stings you.
* * * LOW HITPOINT WARNING * * *
You feel as though you will be slow longer.
You miss the hornet.
The hornet is moderately wounded.
The hornet stings you!
* * * LOW HITPOINT WARNING * * *
You are poisoned.
You feel as though you will be slow longer.
You barely miss the hornet. You claw the hornet!
The hornet is severely wounded.
You feel very sick. The hornet completely misses you. The hornet stings you!
* * * LOW HITPOINT WARNING * * *
You are more poisoned.
You feel as though you will be slow longer.
You scratch the hornet.
The hornet is almost dead.
You feel very sick. The hornet stings you!
* * * LOW HITPOINT WARNING * * *
You feel as though you will be slow longer.
The hornet stings you but does no damage.
You scratch the hornet. Your claw misses the hornet.
The hornet is almost dead.
You feel very sick. The hornet misses you. The hornet stings you!
You die...

##.....#................#
#.#.#.#................#
#.#.#.##.......#.##..#.#
##.#.#.###.....##.##....#
#......##.....###.##....#
#..#.#.##.....# #.......##
#......##....<# #.........
#....#.##.y...# #.........
#.####.##@....# #.........
#......####.### ###.....##
####.###### ##.# ##...##
#......### #..# #...#
#.##.#.#.## #.##### ##.##
#.##......###.#...######.#
#.####.#.................#
#####....†.######.#...########
...#......># #.#####


You could see a hornet.

Vanquished Creatures
  Prince Ribbit (D:5)
  Edmund (D:4)
  Duvessa (D:5)
  An ice beast (D:6)
  A sky beast (D:6)
  A black bear (D:6)
  Blork the orc (D:5)
  2 bullfrogs
  A wyvern zombie (D:5)
  A scorpion (D:4)
  Dowan (D:5)
  A howler monkey (D:5)
  A centaur zombie (D:5)
  4 hounds
  An orc priest (D:5)
  3 iguanas
  2 orc wizards
  4 gnolls (D:4)
  A howler monkey skeleton (D:5)
  8 adders
  A worm (D:2)
  4 dart slugs
  15 orcs
  A bat (D:1)
  7 endoplasms
  2 giant cockroaches
  3 hobgoblins
  4 jackals
  3 kobolds
  2 quokkas
  12 ball pythons
  8 goblins
  5 rats
104 creatures vanquished.

Notes
Turn   | Place    | Note
-------+----------+-------------------------------------------
     0 | D:1      | pkoi the Troll Gladiator began the quest for the Orb.
     0 | D:1      | Reached XP level 1. HP: 19/19 MP: 0/0
    98 | D:1      | Reached XP level 2. HP: 25/27 MP: 1/1
   149 | D:1      | Found a faded altar of an unknown god.
   319 | D:1      | Reached skill level 4 in Unarmed Combat
   864 | D:2      | Reached XP level 3. HP: 33/33 MP: 2/2
  1100 | D:2      | Reached XP level 4. HP: 41/41 MP: 3/3
  1107 | D:2      | Reached skill level 5 in Unarmed Combat
  1420 | D:3      | Identified the +1 robe of Beauty {Will+ Str+6 Int+2 Stlth-}
  2156 | D:4      | Found a sacrificial altar of Ru.
  2206 | D:4      | Found a runed translucent door.
  2211 | D:4      | Noticed tizbic2's ghost (amateur OpFi)
  2217 | D:4      | Reached XP level 5. HP: 49/49 MP: 4/4
  2298 | D:4      | Noticed Edmund
  2321 | D:4      | Killed Edmund
  2322 | D:4      | Reached skill level 1 in Armour
  2322 | D:4      | Reached skill level 6 in Unarmed Combat
  2322 | D:4      | Reached XP level 6. HP: 38/57 MP: 5/5
  2883 | D:5      | Entered Level 5 of the Dungeon
  2903 | D:5      | Reached XP level 7. HP: 46/66 MP: 6/6
  3033 | D:5      | Found an iron altar of Okawaru.
  3047 | D:5      | Noticed Dowan
  3047 | D:5      | Noticed Duvessa
  3070 | D:5      | Killed Duvessa
  3071 | D:5      | Reached skill level 7 in Unarmed Combat
  3073 | D:5      | Killed Dowan
  3073 | D:5      | Noticed Blork the orc
  3081 | D:5      | Killed Blork the orc
  3127 | D:5      | Found Memanuown's Armour Shop.
  3130 | D:5      | Bought a scarf of repulsion for 144 gold pieces
  3565 | D:5      | Noticed Prince Ribbit
  3608 | D:5      | Killed Prince Ribbit
  3609 | D:5      | Reached XP level 8. HP: 75/75 MP: 7/7
  3803 | D:6      | Reached skill level 8 in Unarmed Combat
  3887 | D:6      | Found a staircase to the Ecumenical Temple.
  3893 | Temple   | Entered the Ecumenical Temple
  4189 | D:6      | Noticed Sigmund
  4189 | D:6      | Noticed a hornet
  4203 | D:5      | Slain by a hornet

Illustrated notes

Levels and vault maps discovered:
D:1:      dpeg_arrival_shrine, layout_basic,
          shapermc_ecumenical_altar_mp_urbaneastern
D:2:      layout_basic, minmay_snake_closets
D:3:      layout_basic, chequers_arboretum
D:4:      layout_loops_ring, nicolae_overflow_hidden_temple,
          ebering_ghost_reflecting_pool, uniq_edmund
D:5:      layout_loops_cross, okawaru_metal_pillars_1_2, serial_shops,
          nicolae_shop_stone, uniq_blork_the_orc, uniq_duvessa,
          uniq_prince_ribbit1
D:6:      layout_rooms, minmay_temple_entry_wispy, uniq_sigmund
Temple:   hc_temple_tempest_star

Skill      XL: |  1  2  3  4  5  6  7  8 |
---------------+-------------------------+-----
Unarmed Combat | 4 5 6 7 8 |  8.4
Fighting       | 2 3 |  3.9
Armour         | 1 2 3 |  3.3
Dodging        | 3 4 |  4.3
Throwing       | |  1.7

Action                   |  1- 3 |  4- 6 |  7- 9 || total
-------------------------+-------+-------+-------++-------
Melee: Unarmed           |    65 |   131 |   107 ||   303
       Punch             |     1 |     3 |     4 ||     8
  Use: Scroll            |       |       |    11 ||    11
Armor: Robe              |    16 |    25 |    17 ||    58
Dodge: Dodged            |    34 |    54 |    48 ||   136
